 Dungeon Sprint DCSS version 0.29-a0-824-gd827844252 (webtiles) character file.

Game seed: 2361367576578764296

6094 rocky1 the Fencer (level 10, -4/90 HPs)
             Began as a Merfolk Gladiator on July 10, 2022.
             Was an Elder of Okawaru.
             Killed from afar by a deep elf knight (39 damage)
             ... with a shard of ice
             ... in the Dungeon (Sprint III: "The Ten Rune Challenge").
             The game lasted 00:16:55 (4215 turns).

rocky1 the Fencer (Merfolk Gladiator)               Turns: 4215, Time: 00:16:55

Health: -4/90      AC: 14    Str: 13    XL:     10   Next: 88%
Magic:  8/14       EV: 15    Int: 12    God:    Okawaru [****..]
Gold:   2182       SH:  0    Dex: 19    Spells: 9/9 levels left

rFire   . . .      SeeInvis .   f - +1 long sword (vorpal)
rCold   . . .      Faith    .   (no shield)
rNeg    . . .      Spirit   .   t - +0 chain mail
rPois   .          Reflect  .   c - +0 helmet
rElec   +          Harm     .   (no cloak)
rCorr   .          Rampage  .   (no gloves)
Will    .....      NoTele   +   (no boots)
Stlth   ++........              (no amulet)
HPRegen 0.25/turn               (no ring)
MPRegen 0.14/turn               (no ring)

@: heroic, finesse-ful
A: (nimble swimmer 2), mertail, clever 1, electricity resistance
a: Renounce Religion, Heroism, Finesse


You were in the Dungeon.
You worshipped Okawaru.
Okawaru was greatly pleased with you.
You visited 1 branch You collected 2302 gold pieces.
You spent 120 gold pieces at shops.

Inventory:

Hand Weapons
 a - a +0 long sword
 f - a +1 vorpal long sword (weapon)
 j - a +0 long sword of holy wrath
Missiles
 d - 3 throwing nets (quivered)
 e - a javelin
Armour
 b - a +0 leather armour
 c - a +0 helmet (worn)
 t - a +0 chain mail (worn)
 u - a +0 plate armour of positive energy
Scrolls
 k - a scroll of blinking
 l - a scroll of enchant armour
 p - a scroll of poison
 q - a scroll of amnesia {unknown}
 v - a scroll of enchant weapon {unknown}
 w - a scroll of vulnerability {unknown}
 x - a scroll of fear {unknown}
Potions
 i - 2 potions of magic
 o - a potion of invisibility
 r - a potion of flight {unknown}
 s - 3 potions of mutation
Miscellaneous
 g - a phantom mirror


   Skills:
 + Level 12.5(17.5) Fighting
 - Level 17.6(22.6) Long Blades
 - Level 2.0(7.0) Throwing
 + Level 8.7(13.7) Armour
 + Level 15.0(20.0) Dodging
 - Level 6.9(11.9) Stealth
 - Level 6.1 Invocations


You had 9 spell levels left.
You didn't know any spells.
Your spell library contained the following spells:

 Spells                   Type           Power      Damage    Failure   Level
 Gell's Gravitas          Tloc           0%         N/A       100%        3
 Lesser Beckoning         Tloc           0%         N/A       100%        3
 Teleport Other           Tloc           0%         N/A       100%        3


Dungeon Overview and Level Annotations

Branches:
Dungeon (1/1)

Altars:
Cheibriados
Dithmenos
Elyvilon
Fedhas
Gozag
Hepliaklqana
Kikubaaqudgha
Makhleb
Nemelex Xobeh
Okawaru
Qazlal
Ru
Sif Muna
Trog
Uskayaw
Vehumet
Wu Jian
Xom
Yredelemnul
Zin
The Shining One
Jiyva
Lugonu

Shops:
D *


Innate Abilities, Weirdness & Mutations

((You are very nimble when in or above water. (Stealth+, EV+, Speed+++)))
Your lower body shifts to a powerful aquatic tail in water.
Your mind is acute. (Int +4, Str/Dex -1)
You are resistant to electric shocks. (rElec)


Message History

You slash the deep elf knight!
The deep elf knight is moderately wounded.
You hit the deep elf knight. Your punch misses the deep elf knight.
The deep elf knight is heavily wounded.
You miss the deep elf knight.
The deep elf knight is heavily wounded.
The deep elf knight points at you and mumbles some strange words.
The shard of ice misses you.
You hit the deep elf knight.
The deep elf knight is heavily wounded.
You closely miss the deep elf knight.
The deep elf knight is heavily wounded.
You slash the deep elf knight!
You kill the deep elf knight!
Okawaru accepts your kill.
Your base Dodging skill increases to level 15!
You slice the deep elf knight!!
The deep elf knight is severely wounded.
You closely miss the deep elf knight.
The deep elf knight is severely wounded.
You hit the deep elf knight.
The deep elf knight is severely wounded.
The deep elf knight casts a spell at you.
The shard of ice hits you!!
You hear some strange, mumbled words.
You barely miss the deep elf knight.
The deep elf knight is severely wounded.
You closely miss the deep elf knight.
The deep elf knight is severely wounded.
You hit the deep elf knight.
The deep elf knight is almost dead.
The deep elf knight casts a spell.
The deep elf knight flickers and vanishes!
You barely miss something. You hit something. You completely miss something.
You hear some strange, mumbled words.
A shard of ice appears from out of thin air!
The shard of ice hits you!!!
You die...

▓▓▓▓▓▓ ##### #.#..##########
_#__####...#...'.#...#
.#._#.........##.#...##≈
##+##..........#@#...≈≈≈
....#........###{#...##≈
†...#.####∩.##.#{ee..# ###+#..#
#.#..########
#...#'###########################
#...#....#.#.#.y.yy#^...y.'...≈≈#
#..)##.#..#.##.###.#.^...^#.yy≈≈#
#)..+##.#.#.##.#))##......#


yyy≈≈ +...#)).#..#.)##.y'yy^....# yyy≈ You could see a deep elf pyromancer and a
deep elf zephyrmancer.

Vanquished Creatures
  Erolcha (D)
  A deep elf knight (D)
  4 orc sorcerers (D)
  A deep elf pyromancer (D)
  A shadow (D)
  A spatial vortex (D)
  2 redbacks (D)
  3 orc warriors (D)
  5 two-headed ogres (D)
  A water elemental (D)
  A necrophage (D)
  18 killer bees (D)
  A jelly (D)
  An orc priest (D)
  Jessica (D)
  A wizard (D)
  3 orc wizards (D)
  A necromancer (D)
  A kobold demonologist (D)
  3 humans (D)
  A phantom (D)
  5 orcs (D)
  An endoplasm (D)
  A kobold (D)
  2 rats (D)
61 creatures vanquished.

Vanquished Creatures (others)
  An orc (D)
1 creature vanquished.

Grand Total: 62 creatures vanquished

Notes
Turn   | Place    | Note
-------+----------+-------------------------------------------
     0 | D        | rocky1 the Merfolk Gladiator began the quest for the Orb.
     0 | D        | Reached XP level 1. HP: 16/16 MP: 1/1
     7 | D        | Reached skill level 4 in Long Blades
    17 | D        | Noticed Jessica
    22 | D        | Reached skill level 5 in Long Blades
    27 | D        | Killed Jessica
    28 | D        | Reached skill level 8 in Long Blades
    28 | D        | Reached XP level 2. HP: 2/22 MP: 2/2
    28 | D        | Reached XP level 3. HP: 2/27 MP: 3/3
   426 | D        | Reached skill level 9 in Long Blades
   564 | D        | Gained mutation: Your magical capacity is low. (-10% MP)
                  | [potion of mutation]
   565 | D        | Lost mutation: Your magical capacity is low. (-10% MP)
                  | [potion of mutation]
   565 | D        | Gained mutation: You are resistant to electric shocks.
                  | (rElec) [potion of mutation]
   565 | D        | Gained mutation: Your mind is acute. (Int +4, Str/Dex -1)
                  | [potion of mutation]
   586 | D        | Noticed a water elemental
   599 | D        | Killed a water elemental
   600 | D        | Reached skill level 11 in Long Blades
   600 | D        | Reached XP level 4. HP: 28/33 MP: 4/4
   749 | D        | Found a glowing silver altar of Zin.
   749 | D        | Found a glowing golden altar of the Shining One.
   749 | D        | Found a white marble altar of Elyvilon.
   750 | D        | Noticed a deep elf pyromancer
   760 | D        | Killed a deep elf pyromancer
   761 | D        | Reached skill level 17 in Long Blades
   761 | D        | Reached XP level 5. HP: 38/38 MP: 5/5
   761 | D        | Reached XP level 6. HP: 44/44 MP: 6/6
   761 | D        | Reached XP level 7. HP: 50/50 MP: 7/7
   936 | D        | Found a hide-covered altar of Uskayaw.
   936 | D        | Found an iron altar of Okawaru.
   936 | D        | Found a bloodstained altar of Trog.
   936 | D        | Found an ornate altar of the Wu Jian Council.
   936 | D        | Noticed a human
   937 | D        | Noticed a human
   957 | D        | Killed a human
   958 | D        | Reached skill level 1 in Armour
   958 | D        | Reached skill level 5 in Dodging
   974 | D        | Killed a human
  1236 | D        | Became a worshipper of Warmaster Okawaru
  1248 | D        | Found a radiant altar of Vehumet.
  1248 | D        | Found a shimmering blue altar of Sif Muna.
  1248 | D        | Found an ancient bone altar of Kikubaaqudgha.
  1257 | D        | Noticed a ynoxinul
  1267 | D        | Reached XP level 8. HP: 28/61 MP: 8/8
  1440 | D        | Found a basalt altar of Yredelemnul.
  1440 | D        | Found a shadowy altar of Dithmenos.
  1440 | D        | Found a sacrificial altar of Ru.
  1443 | D        | Reached skill level 5 in Fighting
  1454 | D        | Noticed a shadow
  1463 | D        | Killed a shadow
  1464 | D        | Reached skill level 5 in Stealth
  1515 | D        | Found a blossoming altar of Fedhas.
  1515 | D        | Found a stormy altar of Qazlal.
  1515 | D        | Found a snail-covered altar of Cheibriados.
  1515 | D        | Found a burning altar of Makhleb.
  1515 | D        | Found a shimmering altar of Xom.
  1516 | D        | Found a hazy altar of Hepliaklqana.
  1516 | D        | Found an opulent altar of Gozag.
  1516 | D        | Found a sparkling altar of Nemelex Xobeh.
  1516 | D        | Found a corrupted altar of Lugonu.
  1516 | D        | Found a viscous altar of Jiyva.
  1563 | D        | Reached * piety under Okawaru
  1808 | D        | Noticed a two-headed ogre
  1822 | D        | Killed a two-headed ogre
  1823 | D        | Reached XP level 9. HP: 5/72 MP: 8/10
  2132 | D        | Noticed Erolcha
  2134 | D        | Noticed a two-headed ogre
  2136 | D        | Killed Erolcha
  2136 | D        | Reached ** piety under Okawaru
  2137 | D        | Reached skill level 5 in Armour
  2137 | D        | Reached skill level 10 in Dodging
  2145 | D        | Killed a two-headed ogre
  2146 | D        | Reached skill level 5 in Invocations
  2170 | D        | Reached *** piety under Okawaru
  2368 | D        | Noticed an orc sorcerer
  2368 | D        | Noticed an orc sorcerer
  2368 | D        | Noticed an orc sorcerer
  2368 | D        | Noticed an orc sorcerer
  2395 | D        | Killed an orc sorcerer
  2396 | D        | Reached XP level 10. HP: 18/85 MP: 12/14
  2433 | D        | Reached skill level 10 in Fighting
  2784 | D        | Paralysed by an orc sorcerer for 3 turns
  2789 | D        | Killed an orc sorcerer
  2870 | D        | Noticed a rust devil
  2876 | D        | Killed an orc sorcerer
  2876 | D        | Reached **** piety under Okawaru
  3229 | D        | Found Giucy's Assorted Antiques.
  3265 | D        | Bought a scroll labelled UQIRCH KAQ LAL for 24 gold pieces
  3265 | D        | Bought a scroll labelled PIAPNEKK EGHIADEKH for 24 gold
                  | pieces
  3265 | D        | Bought a scroll labelled LOATEF KUCAE for 24 gold pieces
  3271 | D        | Bought a scroll of identify for 48 gold pieces
  3360 | D        | Paralysed by an orc sorcerer for 3 turns
  3381 | D        | Killed an orc sorcerer
  3970 | D        | Reached ***** piety under Okawaru
  4194 | D        | Noticed a deep elf knight
  4194 | D        | Noticed a deep elf knight
  4194 | D        | Noticed a deep elf pyromancer
  4194 | D        | Noticed a deep elf knight
  4194 | D        | Noticed a deep elf zephyrmancer
  4206 | D        | Killed a deep elf knight
  4207 | D        | Reached skill level 15 in Dodging
  4215 | D        | Killed from afar by a deep elf knight

Illustrated notes

Levels and vault maps discovered:
D:        dungeon_sprint_mu [sprint_mu_entry_forest, sprint_mu_temple_rooms,
          sprint_mu_d1_spiders, sprint_mu_d2_genie, sprint_mu_d3_branching,
          sprint_mu_orc_legion, sprint_mu_elf_gauntlet, sprint_mu_hive_nellie,
          sprint_mu_lair_fedhas, sprint_mu_vaults_butterflies,
          sprint_mu_slime_circle, sprint_mu_swamp_cave, sprint_mu_snake_twists,
          sprint_mu_blade_basic, sprint_mu_crypt_fortress,
          sprint_mu_tomb_spiral, sprint_mu_vestibule_basic,
          sprint_mu_gehenna_hellfire, sprint_mu_dis_giant,
          sprint_mu_tartarus_statrot, sprint_mu_cocytus_islands, sprint_mu_zot1]

Skill      XL: |  1  2  3  4  5  6  7  8  9 10 |
---------------+-------------------------------+-----
Long Blades    | 8 11 17 | 17.6
Fighting       | 4 7 9 12 | 12.5
Armour         | 2 4 6 8 |  8.7
Dodging        | 6 9 12 15 | 15.0
Stealth        | 4 6 |  6.9
Invocations    | 2 6 |  6.1
Throwing       | |  2.0

Action                   |  1- 3 |  4- 6 |  7- 9 | 10-12 || total
-------------------------+-------+-------+-------+-------++-------
Melee: Long sword        |    31 |     7 |   127 |   162 ||   327
       Tailslap          |     1 |       |     2 |    10 ||    13
       Punch             |       |       |     1 |     2 ||     3
Throw: Throwing net      |     2 |       |       |       ||     2
Invok: Heroism           |       |       |     2 |     2 ||     4
       Finesse           |       |       |       |     2 ||     2
  Use: Potion            |     3 |     1 |     1 |     3 ||     8
       Scroll            |       |       |       |     4 ||     4
 Stab: Held in net/web   |     1 |       |       |       ||     1
       Sleeping          |       |       |     2 |       ||     2
Armor: Leather armour    |     5 |       |     5 |     1 ||    11
       Chain mail        |       |       |       |    41 ||    41
Dodge: Dodged            |    14 |     3 |    80 |    87 ||   184

Table legend: (Time is in decaauts)
 A = Elapsed time spent in this place.
 B = Non-inter-level travel time spent in this place.
 C = Inter-level travel time spent in this place.
 D = Time resting spent in this place.
 E = Time spent auto-exploring this place.
 F = Levels seen in this place.
 G = Mean time per level.
                   A        B        C        D        E       F      G
               +--------+--------+--------+--------+--------+-----+--------+
         Total |   4071 |   4048 |     23 |   2935 |     68 |   1 | 4071.0 |
       Dungeon |   4071 |   4048 |     23 |   2935 |     68 |   1 | 4071.0 |
               +--------+--------+--------+--------+--------+-----+--------+

Top non-repeatable levels by time:
       D: 4071 daAuts
